 Dungeon Crawl Stone Soup version 0.29.0 (webtiles) character file.

Game seed: 10291322239638650358

939 HoaS the Skirmisher (level 8, -15/44 HPs)
             Began as a Kobold Hunter on Aug 24, 2022.
             Was an Initiate of Okawaru.
             Demolished by an ogre
             ... wielding a +0 giant club
              (16 damage)
             ... on level 5 of the Dungeon.
             The game lasted 00:10:07 (3928 turns).

HoaS the Skirmisher (Kobold Hunter)                 Turns: 3928, Time: 00:10:07

Health: -15/44     AC:  6    Str:  8    XL:     8   Next: 34%
Magic:  9/9        EV: 14    Int: 13    God:    Okawaru [......]
Gold:   294        SH:  0    Dex: 20    Spells: 7/7 levels left

rFire   . . .      SeeInvis .   g - +5 sling "Higanah" {speed, Int+2 Stlth+}
rCold   . . .      Faith    .   (no shield)
rNeg    . . .      Spirit   .   c - +0 leather armour
rPois   .          Reflect  .   h - +2 helmet
rElec   .          Harm     .   (no cloak)
rCorr   .          Rampage  .   (no gloves)
Will    .....                   (no boots)
Stlth   ++++......              (no amulet)
HPRegen 0.14/turn               d - ring of flight
MPRegen 0.11/turn               (no ring)

@: mighty, about to teleport, flying
A: small, no large weapons, nightstalker 3
a: Renounce Religion


You were on level 5 of the Dungeon.
You worshipped Okawaru.
Okawaru was noncommittal.
You visited 2 branches of the dungeon, and saw 7 of its levels.

You collected 336 gold pieces.
You spent 42 gold pieces at shops.

Inventory:

Hand Weapons
 a - a +1 shortbow of freezing
 g - the +5 sling "Higanah" (weapon) {speed, Int+2 Stlth+}
   (You found it on level 2 of the Dungeon)

   Attacks with this weapon are significantly faster.
   Int:       It affects your intelligence (+2).
   Stlth:     It makes you more stealthy.
Armour
 c - a +0 leather armour (worn)
 h - a +2 helmet (worn)
Jewellery
 d - a ring of flight (left hand)
Scrolls
 b - a scroll of immolation
 q - a scroll of enchant weapon
Potions
 e - a potion of might
 f - 2 potions of attraction {unknown}
 i - 2 potions of haste {unknown}
 j - a potion of flight {unknown}
 k - a potion of berserk rage {unknown}
 l - 2 potions of mutation {unknown}
 m - 7 potions of curing
 n - a potion of degeneration {unknown}
 o - a potion of magic {unknown}
 p - a potion of invisibility {unknown}
 r - 2 potions of heal wounds {unknown}
 s - a potion of lignification {unknown}


   Skills:
 - Level 2.1 Fighting
 * Level 12.5 Ranged Weapons
 - Level 2.4 Dodging
 - Level 1.3 Stealth
 + Level 2.0 Invocations


You had 7 spell levels left.
You didn't know any spells.
Your spell library contained the following spells:

 Spells                   Type           Power      Damage    Failure   Level
 Apportation              Tloc           0%         N/A       41%         1
 Necrotise                Necr           0%         1d4       41%         1
 Sting                    Tmut/Pois      0%         1d3       41%         1
 Ensorcelled Hibernation  Hex/Ice        0%         N/A       56%         2
 Poisonous Vapours        Pois/Air       0%         N/A       56%         2
 Static Discharge         Conj/Air       0%         3-3/arc   56%         2
 Spider Form              Tmut/Pois      0%         N/A       80%         3
 Vampiric Draining        Necr           0%         2d6       80%         3
 Anguish                  Hex/Necr       0%         N/A       99%         4
 Olgreb's Toxic Radiance  Pois           0%         N/A       99%         4
 Agony                    Necr           0%         N/A       100%        5
 Lightning Bolt           Conj/Air       0%         1d11      100%        5
 Maxwell's Capacitive Co  Air            0%         ∞         100%        8
 Summon Small Mammal      Summ           Unusable   N/A       N/A         1

Dungeon Overview and Level Annotations

Branches:
Dungeon (6/15)             Temple (1/1) D:4

Altars:
Cheibriados
Dithmenos
Fedhas
Hepliaklqana
Kikubaaqudgha
Nemelex Xobeh
Okawaru
Qazlal
Ru
Sif Muna
Trog
Uskayaw
Wu Jian
Xom
Yredelemnul
Zin

Shops:
D:2 =   D:3 !

Annotations:
D:5 Sigmund


Innate Abilities, Weirdness & Mutations

You are small and have problems with some larger weapons.
You are completely attuned to the shadows.


Message History

You resist with some effort. The orc hits you with a +0 short sword.
The orc closely misses you.
You shoot a sling bullet. The sling bullet hits the orc wizard.
The orc wizard is moderately wounded.
Sigmund closely misses you.
You shoot a sling bullet. The sling bullet hits the orc wizard.
The orc wizard is heavily wounded.
The orc closely misses you. The orc hits you with a +0 short sword.
The orc wizard misses you.
You shoot a sling bullet. The sling bullet hits the orc wizard.
The orc wizard is almost dead.
You shoot a sling bullet.
The sling bullet barely misses the orc wizard.
Sigmund barely misses you. The orc hits you with a +0 short sword.
The orc hits you but does no damage.
The orc wizard hits you but does no damage.
You shoot a sling bullet. The sling bullet hits the orc wizard!
You kill the orc wizard!
Okawaru accepts your kill.
Your Invocations skill increases to level 2!
You shoot a sling bullet. The sling bullet hits the ogre.
The ogre is lightly wounded.
The ogre hits you with a +0 giant club! The orc closely misses you.
The orc hits you but does no damage.
You are too injured to fight recklessly!
You are too injured to fight recklessly!
You are too injured to fight recklessly!
You are too injured to fight recklessly!
You are too injured to fight recklessly!
As you read the scroll of teleportation, it crumbles to dust.
You feel strangely unstable.
Sigmund hits you from afar with a +0 scythe!
* * * LOW HITPOINT WARNING * * *
The orc hits you with a +0 short sword.
* * * LOW HITPOINT WARNING * * *
The orc completely misses you. The orc attacks as you move away!
The orc hits you but does no damage. The orc attacks as you move away!
The orc barely misses you. The ogre attacks as you move away!
The ogre hits you with a +0 giant club!
You die...

###.#.......
.###.#....... ..<.....
.............
#.....................
.#.).........####.....#
....)......... .####
..#..$.@..... # ##
#............).Oo?...
#.
...............o@....
###.
#.....##..##.........
.###...
†.......>............
.......
....<....#..#####.##.
.......
......#......####.#
#....#.
#...###.#.........
.......
#..####......###..
.....#. ...........###
#..##... #......
#.#.........##
#........ ..###.#


You could see an ogre, Sigmund and 2 orcs.

Vanquished Creatures
  Edmund (D:4)
  A black bear (D:6)
  An ogre (D:5)
  5 scorpions
  A necrophage (D:6)
  2 hounds
  An orc priest (D:5)
  A jelly (D:5)
  An orc wizard (D:5)
  A gnoll (D:4)
  3 adders
  An ufetubus (D:4)
  A worm (D:2)
  7 dart slugs
  2 orcs
  7 ball pythons
  6 bats
  8 endoplasms
  3 giant cockroaches
  7 goblins
  10 hobgoblins
  A quokka (D:1)
  5 frilled lizards
  13 kobolds
  6 rats
95 creatures vanquished.

Notes
Turn   | Place    | Note
-------+----------+-------------------------------------------
     0 | D:1      | HoaS the Kobold Hunter began the quest for the Orb.
     0 | D:1      | Reached XP level 1. HP: 12/12 MP: 1/1
   229 | D:1      | Reached XP level 2. HP: 17/17 MP: 2/2
   233 | D:1      | Reached skill level 6 in Ranged Weapons
   524 | D:1      | Reached XP level 3. HP: 20/21 MP: 3/3
   893 | D:2      | Identified the +5 sling "Higanah" {speed, Int+2 Stlth+}
   980 | D:2      | Found a faded altar of an unknown god.
  1081 | D:2      | Found Ehevaem's Jewellery Emporium.
  1261 | D:2      | Reached skill level 7 in Ranged Weapons
  1273 | D:2      | Reached XP level 4. HP: 26/26 MP: 4/4
  1292 | D:2      | Found a shimmering blue altar of Sif Muna.
  1587 | D:3      | You are sucked into a shaft and drop 3 floors!
  1599 | D:6      | Noticed a scorpion
  1605 | D:6      | Killed a scorpion
  1606 | D:6      | Reached skill level 8 in Ranged Weapons
  1606 | D:6      | Reached XP level 5. HP: 23/30 MP: 5/5
  1705 | D:6      | Noticed a black bear
  1711 | D:6      | Killed a black bear
  1712 | D:6      | Reached skill level 9 in Ranged Weapons
  1712 | D:6      | Reached XP level 6. HP: 35/35 MP: 6/6
  1890 | D:6      | Noticed an ice beast
  1893 | D:6      | Noticed a water moccasin
  1912 | D:6      | Reached skill level 10 in Ranged Weapons
  2273 | D:5      | Entered Level 5 of the Dungeon
  2277 | D:5      | Reached XP level 7. HP: 40/40 MP: 7/7
  2639 | D:3      | Found a hide-covered altar of Uskayaw.
  2642 | D:3      | Found a sparkling altar of Nemelex Xobeh.
  2876 | D:3      | Found Qegeyrghix's Distillery.
  2882 | D:3      | Bought a potion of curing for 42 gold pieces
  3251 | D:4      | Reached skill level 11 in Ranged Weapons
  3379 | D:4      | Noticed Edmund
  3386 | D:4      | Killed Edmund
  3387 | D:4      | Reached XP level 8. HP: 44/44 MP: 8/8
  3470 | D:4      | Found a staircase to the Ecumenical Temple.
  3477 | Temple   | Entered the Ecumenical Temple
  3480 | Temple   | Found a transporter.
  3480 | Temple   | Found a transporter.
  3482 | Temple   | Found a transporter.
  3482 | Temple   | Found a transporter.
  3552 | Temple   | Became a worshipper of Warmaster Okawaru
  3686 | D:4      | Reached skill level 12 in Ranged Weapons
  3819 | D:5      | Reached skill level 1 in Invocations
  3848 | D:5      | Found a stormy altar of Qazlal.
  3907 | D:5      | Noticed Sigmund
  3925 | D:5      | HP: 1/44 [orc/+0 short sword (3)]
  3928 | D:5      | Demolished by an ogre

Illustrated notes

Levels and vault maps discovered:
D:1:      elethiomel_arrival_maze, layout_basic
D:2:      layout_rooms, basic_altar, serial_shops, nicolae_shop_behind_doors,
          ebering_ecumenical_altar_petrified
D:3:      layout_loops_corners, mainiacjoe_overflow_divided_tiny, serial_shops,
          shop, kennysheep_generic_room_14
D:4:      layout_rooms, minmay_temple_entry_tees,
          minmay_fractal_squares_gapless_5, uniq_edmund
D:5:      layout_rooms, nicolae_qazlal_scattered_showers, uniq_sigmund
D:6:      layout_cave_pools
Temple:   hellmonk_temple_divided_pantheon

Skill      XL: |  1  2  3  4  5  6  7  8 |
---------------+-------------------------+-----
Ranged Weapons | 6 7 8 9 10 11 12 | 12.5
Invocations    | 2 |  2.0
Fighting       | |  2.1
Dodging        | |  2.4
Stealth        | |  1.3

Action                   |  1- 3 |  4- 6 |  7- 9 || total
-------------------------+-------+-------+-------++-------
 Fire: Shortbow          |    62 |       |       ||    62
       Sling             |    15 |    57 |   117 ||   189
  Use: Scroll            |     3 |     3 |     4 ||    10
       Potion            |       |       |     1 ||     1
Armor: Leather armour    |     4 |     4 |     5 ||    13
Dodge: Dodged            |    12 |     9 |    16 ||    37
